 Dungeon Crawl Stone Soup version 0.31-a0-981-geadf994542 (webtiles) character file.

Game seed: 11945280754872897918

4211 MisterAzrael the Fighter (level 10, -1/93 HPs)
             Began as a Hill Orc Fighter on Nov 2, 2023.
             Was a Priest of Zin.
             Slain by an orange demon (6 damage)
             ... led by Amaemon
             ... on level 8 of the Dungeon.
             The game lasted 00:12:10 (7650 turns).

MisterAzrael the Fighter (Hill Orc Fighter)         Turns: 7650, Time: 00:12:10

Health: -1/93      AC: 11    Str: 24    XL:     10   Next: 29%
Magic:  16/16      EV:  8    Int:  8    God:    Zin [***...]
Gold:   262        SH:  0    Dex: 10    Spells: 9/9 levels left

rFire   . . .        x - +8 frozen axe "Frostbite" {freeze, freezing cloud, *Noise Fly rC+}
rCold   + . .        (shield currently unavailable)
rNeg    . . .        s - +0 chain mail
rPois   .            K - +0 mask of the Dragon {Will+ Slay+3 SInv}
rElec   .            (no cloak)
rCorr   .            (no gloves)
SInv    +            q - +0 pair of boots
Will    +....        (no amulet) Stlth
                     (no ring)
HPRegen 0.35/turn    (no ring)
MPRegen 0.15/turn

%: no passive effects
@: confused, lethally poisoned (-1 -> -9), ambrosia-drunk, on recite cooldown,
flying
A: no striking features
a: Renounce Religion, Recite, Vitalisation, Imprison, Donate Gold


You were on level 8 of the Dungeon.
You worshipped Zin.
Zin was most pleased with you.
You visited 1 branch of the dungeon, and saw 8 of its levels.
You also visited: Sewer.

You collected 395 gold pieces.
You donated 133 gold pieces to Zin.

Inventory:

Hand Weapons
 a - a +0 war axe
 x - the +8 frozen axe "Frostbite" (weapon) {freeze, freezing cloud, *Noise Fly rC+}
   (You acquired it in a sewer)

   rC+:       It protects you from cold.
   Fly:       It grants you flight.
   *Noise:    It may make a loud noise when swung.
 A - the +10 sling "Inuk" {heavy, Will+ Str-2 Int+5}
   (You found it on level 4 of the Dungeon)

   Str-2:     It affects your strength (-2).
   Int+5:     It affects your intelligence (+5).
   Will+:     It increases your willpower.
Missiles
 o - 5 javelins
 y - 28 poisoned darts
Armour
 b - a +0 scale mail
 c - a +0 buckler
 g - a +0 helmet
 q - a +0 pair of boots (worn)
 s - a +0 chain mail (worn)
 K - the +0 mask of the Dragon (worn) {Will+ Slay+3 SInv}
   (You acquired it in a sewer)

   Slay+3:    It affects your accuracy & damage with ranged weapons and melee
   (+3).
   Will+:     It increases your willpower.
   SInv:      It lets you see invisible.
Jewellery
 d - a ring of fire
 i - a +6 ring of intelligence
 m - a ring of ice
 t - a ring of protection from fire
 z - a ring of positive energy
Wands
 M - a wand of flame (12)
 N - a wand of roots (6)
Scrolls
 j - 2 scrolls of fear {unknown}
 k - 4 scrolls of teleportation
 n - 3 scrolls of identify
 p - a scroll of amnesia {unknown}
 v - 3 scrolls of enchant weapon {unknown}
 B - a scroll of noise {unknown}
 E - 2 scrolls of enchant armour {unknown}
 H - a scroll of fog {unknown}
 I - a scroll of torment {unknown}
 J - a scroll of revelation {unknown}
 L - a scroll of summoning {unknown}
 O - a scroll of vulnerability {unknown}
Potions
 e - 3 potions of enlightenment {unknown}
 f - a potion of degeneration {unknown}
 l - 2 potions of attraction
 r - 2 potions of mutation
 u - a potion of lignification {unknown}
 w - a potion of ambrosia
 C - a potion of resistance {unknown}
 D - a potion of brilliance {unknown}
 F - a potion of haste {unknown}
 G - a potion of cancellation {unknown}


   Skills:
 * Level 10.2 Fighting
 + Level 8.1 Axes
 + Level 4.5 Throwing
 + Level 7.0 Armour
 - Level 4.2 Shields
 * Level 9.2 Invocations


You had 9 spell levels left.
You didn't know any spells.
Your spell library contained the following spells:

 Spells                   Type           Power      Damage    Failure   Level
 Freeze                   Ice            0%         1d3       91%         1
 Blink                    Tloc           0%         N/A       97%         2
 Lesser Beckoning         Tloc           0%         N/A       97%         2
 Momentum Strike          Conj/Tloc      0%         3d8       97%         2
 Frozen Ramparts          Ice            0%         1d1       99%         3
 Gell's Gravitas          Tloc           0%         N/A       99%         3
 Hailstorm                Conj/Ice       0%         3d3       99%         3
 Teleport Other           Tloc           0%         N/A       99%         3
 Petrify                  Tmut/Erth      0%         N/A       100%        4
 Metabolic Englaciation   Hex/Ice        0%         N/A       100%        5


Dungeon Overview and Level Annotations

Branches:
Dungeon (8/15)             Temple (0/1) D:5           Sewer (visited)
   Lair: D:8-11

Altars:
Dithmenos
Elyvilon
Fedhas
Hepliaklqana
Nemelex Xobeh
Qazlal
Trog
Wu Jian
Xom
Yredelemnul
Zin
The Shining One

Shops:
D:3 :

Annotations:
D:5 2 transporters, RandomusNamus's ghost, amateur TrMo


Message History

The scorpion stings you but does no damage.
The orange demon stings you but does no damage.
Items here: ))) [[[.
You slash Amaemon! You freeze Amaemon.
Amaemon is heavily wounded.
You barely miss the scorpion.
Amaemon is engulfed in freezing vapours.
Amaemon hits the scorpion with a -2 demon whip of venom.
The scorpion is poisoned.
Amaemon claws the scorpion.
Amaemon tail-slaps the scorpion but does no damage.
Amaemon hits himself with a -2 demon whip of venom!
Amaemon is poisoned.
Amaemon claws himself!
Amaemon barely misses himself.
The scorpion barely misses you. The orange demon closely misses you.
The scorpion stings you but does no damage.
You slice Amaemon!! You freeze Amaemon.
You kill Amaemon!
Zin accepts your kill.
The scorpion disappears in a puff of smoke! x2
The orange demon stings you but does no damage.
The orange demon stings you from afar.
* * * LOW HITPOINT WARNING * * *
You are lethally poisoned!
The orange demon poisons you!
Your life force feels restored.
Your Axes skill increases to level 8!
Your Armour skill increases to level 7!
Your Invocations skill increases to level 9!
* * * LOW HITPOINT WARNING * * *
You feel very sick.
The orange demon attacks as it pursues you!
The orange demon stings you but does no damage.
It was a potion of ambrosia.
You are confused.
You feel invigorated.
* * * LOW HITPOINT WARNING * * *
You feel very sick.
The orange demon stings you but does no damage.
* * * LOW HITPOINT WARNING * * *
You feel very sick. The orange demon stings you from afar.
You die...

##.## #.# #..# #<# #.##
#.## #.# #..#
####.######.######.#
#.......# #......... #.
#.......###..#####.# #..
#.......#....#### ....
#.........##.@)°# .....
#<.......######4###.#...
#.......##.. #....s....
#.......##....##.)......
#.......##.....).)......
#...(...##...$###)##....
##########... .# ... #..
.# .. .. .. .


You could see an orange demon.

Vanquished Creatures
  Amaemon (D:8)
  Joseph (D:7)
  Grinder (D:6)
  Prince Ribbit (D:5)
  Eustachio (D:5)
  Edmund (D:5)
  A water moccasin (D:7)
  2 orc warriors
  2 ice beasts (D:7)
  A black bear (D:6)
  2 ogres
  2 phantoms (D:5)
  2 bullfrogs (Sewer)
  A scorpion (D:4)
  8 wights
  A killer bee (D:7)
  A howler monkey (D:6)
  9 hounds
  3 jellies
  4 orc priests
  3 iguanas
  Natasha (thrice) (D:3)
  5 orc wizards
  Robin (D:2)
  11 gnolls
  3 river rats
  7 adders
  A shadow imp (D:7)
  A worm (D:4)
  2 dart slugs (D:3)
  27 orcs
  15 ball pythons
  2 bats (D:3)
  14 endoplasms
  6 giant cockroaches
  18 goblins
  8 hobgoblins
  8 jackals
  3 quokkas
  3 frilled lizards
  8 kobolds
  22 rats
216 creatures vanquished.

Notes
Turn   | Place    | Note
-------+----------+-------------------------------------------
     0 | D:1      | MisterAzrael the Hill Orc Fighter began the quest for the
                  | Orb.
     0 | D:1      | Reached XP level 1. HP: 19/19 MP: 1/1
   126 | D:1      | Reached XP level 2. HP: 26/27 MP: 2/2
   265 | D:1      | Reached skill level 4 in Fighting
   530 | D:1      | Reached XP level 3. HP: 32/33 MP: 3/3
   792 | D:2      | Noticed Robin
   797 | D:2      | Killed Robin
   944 | D:2      | Reached XP level 4. HP: 41/41 MP: 4/4
  1542 | D:3      | Reached XP level 5. HP: 27/47 MP: 5/5
  1546 | D:3      | Reached skill level 5 in Fighting
  1717 | D:3      | Found a blossoming altar of Fedhas.
  1875 | D:3      | Found a shadowy altar of Dithmenos.
  2142 | D:3      | Found an ornate altar of the Wu Jian Council.
  2277 | D:3      | Reached XP level 6. HP: 56/56 MP: 6/6
  2290 | D:3      | Found Faduoph's Book Emporium.
  2405 | D:3      | Found a glowing silver altar of Zin.
  2425 | D:3      | Noticed Natasha
  2436 | D:3      | Killed Natasha
  2453 | D:3      | Became a worshipper of Zin the Law-Giver
  2453 | D:3      | Reached * piety under Zin
  2493 | D:3      | Noticed Natasha
  2509 | D:3      | Killed Natasha
  2708 | D:3      | Noticed Natasha
  2735 | D:3      | Killed Natasha
  2736 | D:3      | Reached skill level 1 in Invocations
  2983 | D:4      | Found a sparkling altar of Nemelex Xobeh.
  3008 | D:4      | Identified the +10 sling "Inuk" {heavy, Will+ Str-2 Int+5}
  3010 | D:4      | Found a bloodstained altar of Trog.
  3087 | D:4      | Reached skill level 6 in Fighting
  3133 | D:4      | Reached skill level 1 in Throwing
  3171 | D:4      | Reached XP level 7. HP: 55/63 MP: 8/8
  3626 | D:4      | Reached skill level 5 in Axes
  3872 | D:5      | Entered Level 5 of the Dungeon
  3897 | D:5      | Found a staircase to the Ecumenical Temple.
  4165 | D:5      | Found a hazy altar of Hepliaklqana.
  4171 | D:5      | Noticed Edmund
  4175 | D:5      | Reached skill level 5 in Armour
  4189 | D:5      | Killed Edmund
  4190 | D:5      | Reached skill level 7 in Fighting
  4190 | D:5      | Reached XP level 8. HP: 27/73 MP: 9/11
  4407 | D:5      | Found a glowing drain.
  4421 | Sewer    | Entered a sewer
  4747 | Sewer    | Reached skill level 5 in Invocations
  4919 | Sewer    | Identified 2 scrolls of acquirement
  4926 | Sewer    | Acquired the +0 mask of the Dragon {Will+ Slay+3 SInv}
  4926 | Sewer    | Found the +0 mask of the Dragon {Will+ Slay+3 SInv}
  4938 | Sewer    | Acquired the +8 frozen axe "Frostbite" {freeze, freezing
                  | cloud, *Noise Fly rC+}
  4938 | Sewer    | Found the +8 frozen axe "Frostbite" {freeze, freezing
                  | cloud, *Noise Fly rC+}
  5052 | D:5      | Noticed Prince Ribbit
  5093 | D:5      | Killed Prince Ribbit
  5224 | D:5      | Found a transporter.
  5226 | D:5      | Noticed RandomusNamus's ghost (amateur TrMo)
  5235 | D:5      | Found a transporter.
  5263 | D:5      | Noticed Eustachio
  5273 | D:5      | Killed Eustachio
  5274 | D:5      | Reached skill level 8 in Fighting
  5386 | D:5      | Reached XP level 9. HP: 81/81 MP: 13/13
  5676 | D:5      | Donated 94 gold pieces to Zin
  5949 | D:6      | Reached ** piety under Zin
  6206 | D:6      | Found a stormy altar of Qazlal.
  6209 | D:6      | Found a white marble altar of Elyvilon.
  6209 | D:6      | Found a white marble altar of Elyvilon.
  6211 | D:6      | Found a shimmering altar of Xom.
  6211 | D:6      | Found a hazy altar of Hepliaklqana.
  6211 | D:6      | Found a glowing golden altar of the Shining One.
  6350 | D:6      | Noticed Grinder
  6358 | D:6      | Killed Grinder
  6359 | D:6      | Reached skill level 9 in Fighting
  6643 | D:7      | Noticed Joseph
  6650 | D:7      | Killed Joseph
  7159 | D:7      | Reached *** piety under Zin
  7208 | D:7      | Found a basalt altar of Yredelemnul.
  7212 | D:7      | Reached XP level 10. HP: 47/93 MP: 16/16
  7393 | D:7      | Found a stormy altar of Qazlal.
  7629 | D:8      | Noticed Amaemon
  7632 | D:8      | Reached skill level 10 in Fighting
  7642 | D:8      | Noticed an orange demon
  7647 | D:8      | Killed Amaemon
  7648 | D:8      | HP: 3/93 [poisoned by an orange demon]
  7650 | D:8      | Slain by an orange demon

Illustrated notes

Levels and vault maps discovered:
D:1:      dpeg_arrival_erosion, layout_loops_ring, chequers_arboretum
D:2:      layout_loops_ring, uniq_robin
D:3:      layout_loops_ring, mainiacjoe_overflow_catwalk,
          nzn_wu_jian_council_hall, grunt_dithmenos_smoke_and_mirrors,
          mainiacjoe_overflow_surrounded_room, serial_shops, shop,
          serial_co_window_serial, co_window_cross_1, co_window_paths_b,
          co_window_paths_a, co_window_corner_a, co_window_corner_a,
          co_window_unsneaky_path_b, co_window_paths_c,
          co_window_of_opportunity_c, co_window_4corner_b, co_window_paths_d,
          fountainhead, uniq_natasha
D:4:      minmay_diamond_boxcup, layout_loops_ring, bloody_trog,
          nemelex_dance_club_becter
D:5:      layout_layer_cave, mainiacjoe_overflow_small_starburst,
          minmay_temple_entry_proselytizer, gammafunk_ghost_arena,
          gup_sewer_entry_bubbles, uniq_prince_ribbit1, uniq_eustachio,
          uniq_edmund
D:6:      layout_loops_ring, doesnt_xom_only_xom, uniq_grinder
D:7:      layout_loops_ring, jmf_multi_god_temple, kennysheep_decorative_pillar,
          uniq_joseph
D:8:      layout_rooms, amcnicky_altar_gilded, uniq_amaemon

Skill      XL: |  1  2  3  4  5  6  7  8  9 10 |
---------------+-------------------------------+-----
Axes           | 3 4 5 6 7 8 |  8.1
Fighting       | 4 5 6 7 8 9 10 | 10.2
Armour         | 4 5 6 7 |  7.0
Shields        | 4 |  4.2
Invocations    | 2 4 6 8 9 |  9.2
Throwing       | 1 2 3 4 |  4.5

Action                     |  1- 3 |  4- 6 |  7- 9 | 10-12 || total
---------------------------+-------+-------+-------+-------++-------
  Melee: War axe           |    91 |   183 |   185 |       ||   459
         Executioner's axe |       |       |    92 |    15 ||   107
 Invoke: Recite            |       |       |     4 |     1 ||     5
         Donate Gold       |       |       |     1 |       ||     1
    Use: Potion            |       |     1 |     8 |     3 ||    12
         Scroll            |       |       |     6 |       ||     6
   Stab: Confused          |       |       |     1 |       ||     1
 Armour: Scale mail        |    61 |       |       |       ||    61
         Chain mail        |       |   157 |   286 |    31 ||   474
  Dodge: Dodged            |    45 |    77 |   138 |    12 ||   272
  Block: Buckler           |    27 |    50 |    52 |       ||   129

Table legend: (Time is in decaauts)
 A = Elapsed time spent in this place.
 B = Non-inter-level travel time spent in this place.
 C = Inter-level travel time spent in this place.
 D = Time resting spent in this place.
 E = Time spent auto-exploring this place.
 F = Levels seen in this place.
 G = Mean time per level.
                   A        B        C        D        E       F      G
               +--------+--------+--------+--------+--------+-----+--------+
         Total |   7900 |   7771 |    129 |    560 |   5614 |   9 |  877.8 |
       Dungeon |   7302 |   7173 |    129 |    560 |   5243 |   8 |  912.8 |
         Sewer |    598 |    598 |      0 |      0 |    370 |   1 |  598.0 |
               +--------+--------+--------+--------+--------+-----+--------+

Top non-repeatable levels by time:
     D:3: 1417 daAuts
     D:5: 1345 daAuts
     D:7: 1009 daAuts
     D:4: 990 daAuts
     D:6: 885 daAuts
     D:1: 807 daAuts
     D:2: 762 daAuts
   Sewer: 598 daAuts
     D:8: 83 daAuts
